Map: Lerilak Crest

Players

SpectruM

  • Race: Protoss Protoss
  • League: Platinum

Trizztein - Winner!

  • Race: Terran Terran
  • League: Platinum

VOD

Have the link to the VOD?

Description

Time

  • Played on: Dec. 24, 2015, 6:44 p.m.
  • Length: 10:43
Show
View Real Time Build Order
Export as new Build Order

SpectruM Protoss 

Build Orders: Nexus First 

Get SALT Encoding   

  12  0:01  Probe (Chrono Boost)  
  13  0:11  Probe (Chrono Boost)  
  14  0:18  Pylon  
  14  0:22  Probe (Chrono Boost)  
  15  0:36  Probe (Chrono Boost)  
  16  0:47  Probe (Chrono Boost)  
  17  0:57  Probe (Chrono Boost)  
  17  1:03  Nexus  
  18  1:09  Probe (Chrono Boost)  
  19  1:16  Gateway  
  19  1:22  Assimilator  
  19  1:23  Probe (Chrono Boost)  
  21  1:40  Probe (Chrono Boost)  
  21  1:42  Pylon  
  21  1:50  Probe (Chrono Boost)  
  21  1:52  Assimilator  
  22  2:01  Probe (Chrono Boost)  
  23  2:03  Cybernetics Core  
  23  2:11  Probe (Chrono Boost)  
  24  2:16  Probe (Chrono Boost)  
  24  2:22  Gateway  
  25  2:23  Probe (Chrono Boost)  
  25  2:27  Probe (Chrono Boost)  
  27  2:34  Probe (Chrono Boost)  
  27  2:40  Adept  
  28  2:45  Mothership Core (Chrono Boost)  
  29  2:53  Warp Gate  
  29  2:55  Probe (Chrono Boost)  
  29  3:17  Probe (Chrono Boost)  
  29  3:18  Probe (Chrono Boost)  
  31  3:26  Adept  
  33  3:28  Probe (Chrono Boost)  
  33  3:29  Pylon  
  34  3:36  Robotics Facility  
  34  3:37  Probe (Chrono Boost)  
  34  3:39  Probe (Chrono Boost), Pylon  
  36  3:44  Pylon  
  36  3:46  Assimilator  
  36  3:47  Adept  
  36  3:48  Probe (Chrono Boost)  
  39  3:49  Probe (Chrono Boost)  
  39  3:54  Twilight Council  
  40  3:58  Probe (Chrono Boost)  
  40  4:00  Probe (Chrono Boost)  
  42  4:09  Probe (Chrono Boost), Adept  
  45  4:13  Gateway  
  45  4:22  Probe (Chrono Boost)  
  45  4:23  Probe (Chrono Boost)  
  47  4:34  Probe (Chrono Boost)  
  48  4:39  Gateway  
  48  4:41  Probe (Chrono Boost)  
  48  4:43  Resonating Glaives (Chrono Boost), Pylon  
  48  4:44  Warp Prism (Chrono Boost)  
  48  4:45  Pylon  
  48  4:46  Pylon  
  50  4:58  Probe  
  51  5:05  Probe  
  52  5:10  Stalker x2  
  52  5:12  Probe  
  57  5:19  Adept, Assimilator  
  59  5:25  Immortal  
  59  5:28  Probe  
  59  5:29  Probe  
  65  5:38  Adept x2  
  65  5:40  Probe  
  65  5:41  Probe  
  71  5:46  Adept x2  
  75  5:53  Probe x2  
  77  6:02  Observer  
  77  6:05  Probe x2  
  70  6:18  Immortal, Probe  
  70  6:24  Nexus  
  75  6:25  Pylon  
  75  6:27  Pylon  
  75  6:30  Assimilator  
  75  6:32  Probe  
  76  6:38  Adept x2  
  80  6:42  Sentry x2  
  80  6:45  Probe  
  85  6:52  Immortal  
  85  6:53  Probe  
  86  6:58  Pylon  
  90  7:14  Forge  
  90  7:15  Pylon  
  89  7:18  Probe  
  89  7:20  Adept x3  
  89  7:21  Adept  
  72  7:42  Immortal  
  72  7:43  Mothership Core  
  70  7:44  Adept x4  
  82  7:52  Probe  
  83  8:05  Photon Cannon  
  83  8:07  Photon Cannon  
  83  8:10  Photon Cannon  
  83  8:12  Sentry x3  
  83  8:13  Sentry  
  87  8:38  Sentry, Stalker  
  87  8:40  Adept, Nexus  
  93  8:41  Pylon  
  93  8:43  Pylon  
  93  8:47  Pylon  
  93  8:49  Assimilator  
  93  8:54  Observer, Assimilator  
  93  8:58  Pylon  
  93  9:02  Pylon  
  93  9:09  Robotics Bay  
  93  9:11  Pylon  
  93  9:14  Photon Cannon  
  93  9:17  Photon Cannon  
  87  9:42  Stalker x4  
  64  10:27  Pylon  
  62  10:29  Pylon  
  62  10:32  Stalker x2  
  62  10:33  Pylon  
Show
View Real Time Build Order
Export as new Build Order

Trizztein Terran - Winner!

Build Orders: Reaper Expand, MMM Bio 

Get SALT Encoding   

  12  0:01  SCV  
  13  0:13  SCV  
  14  0:17  Supply Depot  
  14  0:25  SCV  
  15  0:38  SCV  
  16  0:43  Barracks  
  16  0:46  Refinery  
  16  0:50  SCV  
  17  1:03  SCV  
  18  1:15  SCV  
  19  1:30  Reaper, Orbital Command  
  20  1:43  Command Center  
  20  1:52  Supply Depot  
  20  1:56  SCV  
  21  2:09  Barracks Reactor  
  21  2:10  SCV  
  22  2:22  SCV  
  23  2:34  SCV  
  24  2:46  SCV  
  24  2:48  Command Center  
  25  2:52  Refinery  
  25  2:54  Factory  
  25  2:58  SCV  
  25  3:00  Orbital Command  
  25  3:05  Marine x2  
  28  3:10  SCV  
  29  3:21  Orbital Command  
  29  3:22  Marine x2  
  29  3:23  SCV  
  32  3:35  SCV  
  32  3:37  Factory Tech Lab  
  32  3:39  Barracks  
  32  3:40  Marine x2  
  35  3:47  SCV  
  35  3:48  SCV  
  37  3:57  Cyclone  
  37  3:58  Marine  
  37  4:00  SCV x2  
  37  4:01  Orbital Command  
  43  4:12  SCV x2  
  43  4:16  Supply Depot  
  45  4:24  SCV  
  46  4:26  Marine x2  
  46  4:29  Cyclone  
  51  4:33  SCV  
  51  4:36  Barracks Tech Lab  
  51  4:38  Barracks  
  52  4:40  SCV  
  52  4:42  SCV  
  52  4:44  Marine x2  
  56  4:48  SCV  
  56  4:51  Supply Depot  
  56  4:52  SCV  
  58  4:54  SCV  
  58  4:56  Engineering Bay  
  58  4:57  Stimpack  
  58  4:58  Marine  
  60  5:00  SCV  
  60  5:02  Marine  
  60  5:04  Marine  
  63  5:13  Supply Depot  
  63  5:14  SCV x3  
  63  5:15  Supply Depot  
  63  5:16  Marine  
  63  5:18  Refinery x2  
  67  5:25  Terran Infantry Weapons Level 1  
  67  5:26  SCV x3, Starport  
  70  5:30  Factory Reactor  
  70  5:31  Orbital Command  
  70  5:38  SCV  
  71  5:45  Missile Turret  
  71  5:46  SCV  
  72  5:50  SCV, Marine  
  72  5:51  Marauder x2, Marine  
  79  5:58  Supply Depot, SCV  
  77  6:08  Marine  
  77  6:09  Marine  
  79  6:12  Marine  
  79  6:16  SCV x2  
  79  6:17  SCV, Marine  
  83  6:22  Supply Depot  
  83  6:26  Marine  
  83  6:27  Marine  
  83  6:28  Supply Depot x3, SCV  
  83  6:29  SCV x2, Missile Turret  
  83  6:30  Marine  
  83  6:31  Medivac x2  
  93  6:35  Marauder  
  93  6:38  Factory Reactor  
  95  6:42  SCV  
  95  6:43  SCV x2  
  98  6:48  Marauder  
  98  6:49  Refinery  
  98  6:51  Refinery  
  98  6:52  Combat Shields  
  98  6:53  Supply Depot  
  100  6:55  SCV x2  
  100  6:57  Marauder  
  100  6:58  Concussive Shells  
  100  7:00  Marine x2  
  106  7:07  Medivac x2  
  110  7:09  Marauder  
  110  7:13  Barracks  
  110  7:14  Widow Mine x2  
  116  7:18  SCV, Marauder, Barracks, Marine  
  116  7:19  SCV x2  
  120  7:31  SCV x3, Marauder  
  120  7:34  Marine  
  120  7:36  Marine  
  120  7:39  Marauder  
  120  7:41  Terran Infantry Armor Level 1  
  120  7:43  SCV  
  123  7:45  Engineering Bay, Widow Mine x2  
  123  7:46  Medivac  
  123  7:47  Armory  
  130  7:51  SCV  
  130  7:52  Marauder  
  132  8:01  Marauder  
  132  8:02  Supply Depot x2  
  132  8:03  Supply Depot, Barracks Tech Lab  
  132  8:05  Barracks Reactor  
  134  8:07  Marine  
  134  8:08  Marine  
  136  8:13  Widow Mine  
  136  8:14  Marauder  
  136  8:18  SCV  
  141  8:23  SCV x2  
  141  8:24  Marauder  
  141  8:25  Marine  
  141  8:26  Supply Depot x2  
  142  8:27  Supply Depot  
  142  8:29  Barracks x2  
  142  8:30  Barracks  
  142  8:31  Marauder, Marine  
  141  8:35  Marauder  
  143  8:43  Marine  
  143  8:44  SCV x2, Marine  
  147  8:49  Marine x3  
  147  8:53  Marauder  
  147  8:55  Liberator x2  
  152  8:56  Marauder  
  152  9:00  Marine  
  157  9:03  Marauder  
  157  9:07  Marine x2  
  159  9:12  Marine  
  159  9:14  Marauder  
  168  9:18  Marine, Marauder  
  168  9:24  Marine  
  172  9:26  Marine x2  
  172  9:27  Barracks Reactor x2  
  172  9:30  Barracks Tech Lab  
  172  9:49  Marine x2  
  170  9:58  Marine x5  
  170  9:59  Marauder  
  176  10:01  Widow Mine x2  
  185  10:07  Marine  
  182  10:16  Marauder x3  
Tags
 
Add a new tag
Caveats
  • Supply blocks, unpowered buildings, or Contaminate may cause inaccurate times.
  • Supply counts are checked every 10 seconds.